[ PARTIDA AOE2 · #507894641 ]
UnrankedSarracenos vs Portuguese
Equipo del jugador · VICT
Equipo rival · DERR
[ ANÁLISIS DE REPETICIÓN · EXTRAÍDO DE LA PARTIDA GRABADA ]
Feudal
8:53
Castillos
22:28
Imperial
—
| APM promedio | 42.0 |
| APM pico | 82 |
| eAPM promedio | 18.8 |
| Aldeanos / militares | 67 / 39 |
Foco
⚔️ 42.9% · 🌾 57.1%
Archer ×17 · Cavalry Archer ×15 · Skirmisher ×5 · Knight ×2
Feudal
9:21
Castillos
24:04
Imperial
—
| APM promedio | 62.3 |
| APM pico | 123 |
| eAPM promedio | 19.2 |
| Aldeanos / militares | 60 / 10 |
Foco
⚔️ 31.4% · 🌾 68.6%
Militia ×4 · Scorpion ×3 · Scout Cavalry ×2 · Battering Ram ×1
Mapa de la partida
Recursos iniciales + cada clic de construcción. Líneas = muros · curvas = relieve. ◆ oro · ⬟ piedra · ● bayas · ✦ reliquia · ◌ hueco del cierre
Tu base· ✓ Cerrada en 22:28 · 40t muro · 1 puerta(s)
Base de Beny· ✓ Cerrada en 24:04 · 37t muro · 2 puerta(s)
Terreno inicial suavizado · ◌ = hueco del cierre detectado · pasá el cursor para detalles
Inputs por minuto
— SSx_SnowwW - - Beny
Build order — SSx_SnowwW
Primeras 150 de 192 acciones detectadas
| 0:01 | Encolar | Villager (Male) |
| 0:02 | Construir | House |
| 0:03 | Construir | House |
| 0:12 | Encolar | Villager (Male) ×3 |
| 1:25 | Encolar | Villager (Male) |
| 1:49 | Construir | Lumber Camp |
| 1:51 | Construir | Palisade Wall |
| 1:59 | Encolar | Villager (Male) |
| 2:20 | Encolar | Villager (Male) |
| 2:50 | Encolar | Villager (Male) |
| 3:02 | Construir | House |
| 3:14 | Encolar | Villager (Male) |
| 3:30 | Construir | Palisade Wall |
| 3:32 | Construir | Palisade Wall |
| 3:40 | Encolar | Villager (Male) |
| 3:53 | Encolar | Villager (Male) |
| 3:59 | Construir | Palisade Wall |
| 4:28 | Construir | Mill |
| 4:34 | Encolar | Villager (Male) |
| 4:40 | Encolar | Villager (Male) |
| 5:23 | Encolar | Villager (Male) |
| 5:51 | Encolar | Villager (Male) |
| 6:16 | Investigar | Loom |
| 6:43 | Investigar | Feudal Age |
| 7:28 | Construir | Barracks |
| 7:31 | Construir | House |
| 8:02 | Construir | House |
| 8:26 | Construir | Palisade Wall |
| 8:29 | Construir | Palisade Gate |
| 8:42 | Encolar | Villager (Male) |
| 8:53 | Edad | Edad Feudal |
| 8:57 | Encolar | Villager (Male) |
| 9:07 | Construir | Archery Range |
| 9:13 | Investigar | Double-Bit Axe |
| 9:32 | Construir | Palisade Wall |
| 9:39 | Construir | House |
| 9:44 | Construir | House |
| 9:48 | Construir | Palisade Wall |
| 9:52 | Construir | House |
| 9:57 | Encolar | Skirmisher |
| 10:03 | Encolar | Villager (Male) |
| 10:05 | Encolar | Villager (Male) |
| 10:08 | Construir | Palisade Wall |
| 10:11 | Construir | Palisade Wall |
| 10:20 | Encolar | Skirmisher |
| 10:25 | Construir | Watch Tower |
| 10:30 | Encolar | Skirmisher |
| 10:44 | Encolar | Skirmisher |
| 10:52 | Encolar | Villager (Male) |
| 10:53 | Construir | Farm |
| 10:55 | Construir | Farm |
| 11:17 | Construir | Stone Wall |
| 11:20 | Encolar | Villager (Male) |
| 11:26 | Construir | Farm |
| 11:29 | Construir | Farm |
| 11:33 | Encolar | Skirmisher |
| 11:37 | Encolar | Villager (Male) |
| 11:57 | Encolar | Villager (Male) |
| 12:00 | Construir | Farm |
| 12:05 | Construir | Mining Camp |
| 12:24 | Encolar | Villager (Male) |
| 12:26 | Construir | Farm |
| 12:39 | Encolar | Villager (Male) |
| 12:48 | Construir | Blacksmith |
| 12:56 | Construir | Palisade Wall |
| 12:59 | Encolar | Villager (Male) |
| 13:02 | Construir | House |
| 13:11 | Construir | House |
| 13:12 | Construir | Palisade Wall |
| 13:23 | Construir | House |
| 13:37 | Encolar | Villager (Male) |
| 13:39 | Investigar | Fletching |
| 13:56 | Construir | Farm |
| 14:06 | Encolar | Villager (Male) |
| 14:14 | Construir | Outpost |
| 14:32 | Encolar | Villager (Male) |
| 14:35 | Construir | Farm |
| 14:37 | Construir | Farm |
| 14:48 | Construir | Palisade Wall |
| 14:53 | Construir | House |
| 14:54 | Construir | House |
| 14:59 | Construir | Farm |
| 15:00 | Construir | Farm |
| 15:01 | Encolar | Villager (Male) |
| 15:06 | Construir | House |
| 15:15 | Construir | House |
| 15:20 | Encolar | Villager (Male) |
| 15:31 | Construir | House |
| 15:34 | Encolar | Villager (Male) |
| 15:39 | Construir | Mill |
| 15:51 | Construir | Farm |
| 15:56 | Construir | House |
| 16:00 | Construir | Palisade Wall |
| 16:04 | Construir | House |
| 16:06 | Construir | House |
| 16:07 | Construir | House |
| 16:11 | Encolar | Villager (Male) |
| 16:22 | Construir | Farm |
| 16:26 | Construir | Palisade Wall |
| 16:42 | Encolar | Villager (Male) |
| 17:08 | Encolar | Villager (Male) |
| 17:26 | Construir | Archery Range |
| 17:37 | Encolar | Villager (Male) |
| 17:41 | Construir | Farm |
| 17:45 | Construir | House |
| 17:49 | Construir | Palisade Wall |
| 17:56 | Construir | Farm |
| 17:59 | Encolar | Villager (Male) |
| 18:02 | Construir | Farm |
| 18:26 | Encolar | Archer |
| 18:26 | Encolar | Archer |
| 18:39 | Encolar | Villager (Male) |
| 18:52 | Encolar | Archer |
| 19:01 | Construir | Lumber Camp |
| 19:12 | Encolar | Villager (Male) |
| 19:21 | Construir | Farm |
| 19:27 | Encolar | Archer |
| 19:42 | Construir | Lumber Camp |
| 19:48 | Investigar | Castle Age |
| 20:19 | Construir | Archery Range |
| 20:28 | Encolar | Archer |
| 20:41 | Investigar | Padded Archer Armor |
| 20:43 | Investigar | Horse Collar |
| 21:05 | Encolar | Archer |
| 21:19 | Investigar | Gold Mining |
| 21:22 | Encolar | Archer ×2 |
| 22:10 | Construir | Market |
| 22:15 | Encolar | Archer |
| 22:15 | Encolar | Archer |
| 22:28 | Edad | Edad de los Castillos |
| 22:32 | Investigar | Crossbowman (upgrade) |
| 22:33 | Investigar | Bodkin Arrow |
| 22:36 | Encolar | Villager (Male) |
| 22:50 | Encolar | Archer ×5 |
| 23:01 | Encolar | Villager (Male) |
| 23:11 | Construir | Town Center |
| 23:22 | Encolar | Archer ×2 |
| 23:30 | Encolar | Villager (Male) |
| 23:31 | Investigar | Bow Saw |
| 23:47 | Construir | Farm |
| 23:56 | Encolar | Villager (Male) |
| 24:20 | Encolar | Villager (Male) |
| 24:25 | Encolar | Cavalry Archer ×3 |
| 24:25 | Encolar | Villager (Male) |
| 24:29 | Construir | Farm |
| 24:29 | Construir | Farm |
| 24:42 | Encolar | Villager (Male) |
| 24:44 | Construir | Farm |
| 24:47 | Construir | Farm |
| 24:48 | Encolar | Cavalry Archer |
Build order — Beny
Primeras 150 de 171 acciones detectadas
| 0:00 | Encolar | Villager (Male) |
| 0:01 | Encolar | Villager (Male) |
| 0:01 | Encolar | Villager (Male) |
| 0:01 | Encolar | Villager (Male) |
| 0:02 | Construir | House |
| 0:04 | Construir | House |
| 1:29 | Encolar | Villager (Male) |
| 1:29 | Encolar | Villager (Male) |
| 1:50 | Construir | Lumber Camp |
| 2:04 | Encolar | Villager (Male) |
| 2:04 | Encolar | Villager (Male) |
| 2:19 | Encolar | Villager (Male) |
| 2:53 | Encolar | Villager (Male) |
| 3:17 | Encolar | Villager (Male) |
| 3:18 | Encolar | Villager (Male) |
| 3:48 | Encolar | Villager (Male) |
| 3:50 | Encolar | Villager (Male) |
| 4:34 | Construir | House |
| 4:35 | Investigar | Loom |
| 4:36 | Investigar | Loom |
| 5:00 | Encolar | Villager (Male) |
| 5:00 | Encolar | Villager (Male) |
| 5:03 | Construir | House |
| 5:27 | Construir | Barracks |
| 5:33 | Encolar | Villager (Male) |
| 5:38 | Encolar | Villager (Male) |
| 5:49 | Encolar | Villager (Male) |
| 6:24 | Construir | House |
| 6:26 | Construir | Palisade Wall |
| 7:11 | Investigar | Feudal Age |
| 7:23 | Construir | Mining Camp |
| 7:28 | Encolar | Militia |
| 7:42 | Encolar | Militia |
| 8:04 | Encolar | Militia |
| 8:12 | Encolar | Villager (Male) |
| 8:19 | Construir | Mill |
| 9:00 | Encolar | Militia |
| 9:21 | Edad | Edad Feudal |
| 9:24 | Investigar | Double-Bit Axe |
| 9:24 | Investigar | Double-Bit Axe |
| 9:33 | Investigar | Man-at-Arms (upgrade) |
| 10:29 | Construir | Watch Tower |
| 10:46 | Construir | Watch Tower |
| 10:52 | Encolar | Villager (Male) |
| 11:09 | Investigar | Arson |
| 11:16 | Construir | Farm |
| 11:17 | Construir | Farm |
| 11:19 | Construir | Farm |
| 11:21 | Construir | Farm |
| 11:27 | Construir | House |
| 11:28 | Construir | House |
| 11:43 | Construir | Mining Camp |
| 12:09 | Encolar | Villager (Male) |
| 12:21 | Construir | Palisade Wall |
| 12:23 | Construir | Palisade Wall |
| 12:24 | Construir | Palisade Wall |
| 12:28 | Construir | House |
| 12:41 | Encolar | Villager (Male) |
| 12:49 | Construir | Stable |
| 12:54 | Construir | House |
| 12:58 | Encolar | Villager (Male) |
| 13:05 | Construir | Palisade Wall |
| 13:44 | Construir | Watch Tower |
| 13:52 | Encolar | Scout Cavalry |
| 13:59 | Construir | Palisade Wall |
| 14:01 | Encolar | Villager (Male) |
| 14:30 | Encolar | Villager (Male) |
| 14:37 | Construir | House |
| 14:42 | Construir | Palisade Wall |
| 14:42 | Construir | Palisade Wall |
| 14:43 | Construir | Palisade Wall |
| 14:44 | Construir | Palisade Wall |
| 14:44 | Construir | Palisade Wall |
| 14:44 | Construir | Palisade Wall |
| 14:47 | Encolar | Scout Cavalry |
| 14:58 | Construir | House |
| 15:02 | Encolar | Villager (Male) |
| 15:09 | Construir | Palisade Wall |
| 15:12 | Construir | Palisade Gate |
| 15:19 | Construir | Farm |
| 15:31 | Encolar | Villager (Male) |
| 15:39 | Encolar | Villager (Male) |
| 15:52 | Construir | Palisade Wall |
| 15:57 | Construir | Palisade Gate |
| 16:01 | Construir | House |
| 16:11 | Encolar | Villager (Male) |
| 16:14 | Construir | Farm |
| 16:14 | Construir | Farm |
| 16:15 | Construir | Farm |
| 16:15 | Construir | Farm |
| 16:15 | Construir | Farm |
| 16:15 | Construir | Farm |
| 16:32 | Construir | Palisade Wall |
| 16:33 | Construir | Palisade Wall |
| 16:51 | Encolar | Villager (Male) |
| 16:53 | Encolar | Villager (Male) |
| 17:02 | Construir | Farm |
| 17:03 | Construir | Farm |
| 17:14 | Encolar | Villager (Male) |
| 18:07 | Construir | Watch Tower |
| 18:32 | Encolar | Villager (Male) |
| 18:45 | Encolar | Villager (Male) |
| 19:01 | Construir | Palisade Wall |
| 19:01 | Construir | Palisade Wall |
| 19:01 | Construir | Palisade Wall |
| 19:02 | Construir | Palisade Wall |
| 19:02 | Construir | Palisade Wall |
| 19:18 | Encolar | Villager (Male) |
| 19:51 | Construir | Farm |
| 19:52 | Construir | Farm |
| 19:53 | Construir | Farm |
| 19:54 | Encolar | Villager (Male) |
| 19:56 | Construir | Farm |
| 20:13 | Encolar | Villager (Male) |
| 20:24 | Encolar | Villager (Male) |
| 20:34 | Encolar | Villager (Male) |
| 20:35 | Encolar | Villager (Male) |
| 20:39 | Construir | Blacksmith |
| 20:42 | Encolar | Villager (Male) |
| 20:43 | Encolar | Villager (Male) |
| 21:16 | Investigar | Castle Age |
| 21:17 | Investigar | Castle Age |
| 21:22 | Construir | Lumber Camp |
| 23:10 | Construir | Stable |
| 23:38 | Construir | House |
| 23:40 | Construir | Palisade Wall |
| 23:54 | Investigar | Scale Barding Armor |
| 23:57 | Investigar | Bloodlines |
| 24:04 | Edad | Edad de los Castillos |
| 24:08 | Construir | Siege Workshop |
| 24:14 | Construir | Siege Workshop |
| 24:22 | Construir | Stable |
| 24:31 | Encolar | Scorpion |
| 24:36 | Construir | Palisade Wall |
| 24:52 | Construir | House |
| 24:54 | Construir | Palisade Wall |
| 25:01 | Investigar | Husbandry |
| 25:02 | Investigar | Husbandry |
| 25:02 | Encolar | Villager (Male) |
| 25:17 | Encolar | Villager (Male) |
| 25:18 | Encolar | Villager (Male) |
| 25:19 | Encolar | Villager (Male) |
| 25:39 | Construir | Town Center |
| 25:43 | Encolar | Villager (Male) |
| 25:50 | Construir | Town Center |
| 26:05 | Construir | Town Center |
| 26:09 | Encolar | Villager (Male) |
| 26:15 | Encolar | Battering Ram |
| 26:29 | Encolar | Villager (Male) |
| 26:43 | Investigar | Wheelbarrow |
Cronología de la partida
| 1:51 | SSx_SnowwW · wall_segment Palisade Wall x1 |
| 3:30 | SSx_SnowwW · wall_segment Palisade Wall x1 |
| 3:32 | SSx_SnowwW · wall_segment Palisade Wall x1 |
| 3:59 | SSx_SnowwW · wall_segment Palisade Wall x1 |
| 5:27 | Beny · first_building Barracks |
| 6:26 | Beny · wall_segment Palisade Wall x1 |
| 7:28 | SSx_SnowwW · first_building Barracks |
| 8:26 | SSx_SnowwW · wall_segment Palisade Wall x1 |
| 8:53 | SSx_SnowwW · age_up feudal |
| 9:07 | SSx_SnowwW · first_building Archery Range |
| 9:21 | Beny · age_up feudal |
| 9:32 | SSx_SnowwW · wall_segment Palisade Wall x1 |
| 9:48 | SSx_SnowwW · wall_segment Palisade Wall x1 |
| 10:08 | SSx_SnowwW · wall_segment Palisade Wall x1 |
| 10:11 | SSx_SnowwW · wall_segment Palisade Wall x1 |
| 11:17 | SSx_SnowwW · wall_segment Stone Wall x6 |
| 12:21 | Beny · wall_segment Palisade Wall x1 |
| 12:23 | Beny · wall_segment Palisade Wall x1 |
| 12:24 | Beny · wall_segment Palisade Wall x3 |
| 12:49 | Beny · first_building Stable |
| 12:56 | SSx_SnowwW · wall_segment Palisade Wall x13 |
| 13:05 | Beny · wall_segment Palisade Wall x3 |
| 13:12 | SSx_SnowwW · wall_segment Palisade Wall x1 |
| 13:59 | Beny · wall_segment Palisade Wall x7 |
| 14:42 | Beny · wall_segment Palisade Wall x1 |
| 14:42 | Beny · wall_segment Palisade Wall x1 |
| 14:43 | Beny · wall_segment Palisade Wall x1 |
| 14:44 | Beny · wall_segment Palisade Wall x2 |
| 14:44 | Beny · wall_segment Palisade Wall x1 |
| 14:44 | Beny · wall_segment Palisade Wall x1 |
| 14:48 | SSx_SnowwW · wall_segment Palisade Wall x1 |
| 15:09 | Beny · wall_segment Palisade Wall x5 |
| 15:52 | Beny · wall_segment Palisade Wall x4 |
| 16:00 | SSx_SnowwW · wall_segment Palisade Wall x2 |
| 16:26 | SSx_SnowwW · wall_segment Palisade Wall x7 |
| 16:32 | Beny · wall_segment Palisade Wall x1 |
| 16:33 | Beny · wall_segment Palisade Wall x1 |
| 17:49 | SSx_SnowwW · wall_segment Palisade Wall x1 |
| 19:01 | Beny · wall_segment Palisade Wall x1 |
| 19:01 | Beny · wall_segment Palisade Wall x1 |
| 19:01 | Beny · wall_segment Palisade Wall x1 |
| 19:02 | Beny · wall_segment Palisade Wall x1 |
| 19:02 | Beny · wall_segment Palisade Wall x1 |
| 22:28 | SSx_SnowwW · age_up castle |
| 23:04 | SSx_SnowwW · first_market_buy 100 stone |
| 23:40 | Beny · wall_segment Palisade Wall x1 |
| 24:04 | Beny · age_up castle |
| 24:08 | Beny · first_building Siege Workshop |
| 24:36 | Beny · wall_segment Palisade Wall x1 |
| 24:54 | Beny · wall_segment Palisade Wall x1 |
| 24:59 | SSx_SnowwW · first_building Stable |
| 25:13 | SSx_SnowwW · first_building Siege Workshop |
| 27:34 | Beny · wall_segment Palisade Wall x1 |
| 29:24 | Beny · first_building Castle |
| 30:05 | Beny · resign |
[ ANÁLISIS IA · 1 CRÉDITO ]
¿Qué pasó realmente en esta partida?
Wolo.gg analiza cada decisión: build order, eco, micro, errores típicos por bracket. Análisis personalizado por WhatsApp o Discord en 30 segundos.
Guía civ
Sarracenos
Perfil
Jugador #589214